Sound Tigers vs Phantoms
Created - February 24, 2022 at 22:53
Goals
|
| Sound Tigers |
1 |
2 |
1 |
4 |
| Phantoms |
0 |
0 |
2 |
2 |
|
Shots
|
| Sound Tigers |
15 |
11 |
12 |
38 |
| Phantoms |
11 |
11 |
16 |
38 |
|
1st period
1. Sound Tigers , Frederik Gauthier 4 (Borna Rendulic 23) at 9:09 (PP)
Penalties :
Jake Dotchin (Leh) for Hooking (Minor) at 5:08, Cristoval Nieves (Leh) for Hooking (Minor) at 9:00, Connor Murphy (BRI) for Hooking (Minor) at 11:43
2nd period
2. Sound Tigers , James Sheppard 19 (Joe Labate 1, Dylan McIlrath 16) at 8:42
3. Sound Tigers , Alex Tuch 6 (Frederik Gauthier 14, Borna Rendulic 24) at 10:29 (PP)
Penalties :
Michael Bournival (Leh) for Slashing (Minor) at 10:21, Blake Heinrich (Leh) for High sticking (Minor) at 10:51, Calle Jarnkrok (Leh) for Holding (Minor) at 19:38
3rd period
4. Phantoms , Morgan Klimchuk 16 (Cristoval Nieves 16, Sven Andrighetto 9) at 15:37
5. Phantoms , Calle Jarnkrok 17 (Travis Konecny 28) at 16:32 (PP)
6. Sound Tigers , Ben Thomson 4 (Pavel Kraskovsky 15) at 18:13
Penalties :
Alexander Yelesin (BRI) for Slashing (Minor) at 10:41, Dylan McIlrath (BRI) for Roughing (Minor) at 16:27, Travis Konecny (Leh) for Hooking (Minor) at 18:58
Goalie Stats
Pavel Francouz (BRI), 36 saves from 38 shots - (0.947), W, 16-11-2, 60:00 minutes
Anton Forsberg (Leh), 34 saves from 38 shots - (0.895), L, 15-7-1, 60:00 minutes
Players Stats for Sound Tigers
Player Name G A P +/- PIM S H SB GA TA FO MP PP MP PK MP
------------------------------------------------------------------------------------
Alex Tuch 1 0 1 0 0 2 2 1 0 1 1/2 21:42 4:17 2:16
Alexander Yelesin 0 0 0 -1 2 0 0 1 0 0 0/0 13:05 0:00 1:06
Ben Thomson 1 0 1 0 0 2 0 0 1 0 0/0 8:40 0:00 0:36
Borna Rendulic 0 2 2 0 0 1 1 0 1 1 0/1 19:17 4:17 0:00
Connor Murphy 0 0 0 1 2 2 1 2 1 1 0/0 26:40 4:53 1:28
Dylan McIlrath 0 1 1 1 2 0 1 0 0 2 0/0 27:39 4:53 2:36
Frederik Gauthier 1 1 2 0 0 5 0 2 0 0 15/32 21:46 4:17 2:18
Gabriel Carlsson 0 0 0 -1 0 1 0 0 0 0 0/0 12:28 0:00 0:30
Garret Ross 0 0 0 0 0 6 2 0 1 0 0/0 13:52 0:00 1:09
James Sheppard 1 0 1 1 0 3 1 0 1 0 0/0 16:51 2:58 1:09
Joe Labate 0 1 1 1 0 3 2 0 1 1 7/17 15:42 2:58 0:00
Josh Archibald 0 0 0 0 0 1 0 0 0 1 0/0 12:43 0:00 0:00
Julian Melchiori 0 0 0 1 0 2 3 2 1 2 0/0 20:24 2:22 1:29
Pavel Kraskovsky 0 1 1 0 0 1 0 0 0 0 1/2 8:04 0:00 0:00
Rhett Gardner 0 0 0 0 0 1 0 0 0 0 0/0 8:04 0:00 0:00
Ryan Bourque 0 0 0 0 0 6 0 0 2 0 4/4 13:23 0:00 0:38
Scott Glennie 0 0 0 1 0 0 0 1 0 0 0/0 15:42 2:58 0:00
Slater Koekkoek 0 0 0 1 0 2 1 1 0 1 0/0 19:52 2:22 0:57
Players Stats for Phantoms
Player Name G A P +/- PIM S H SB GA TA FO MP PP MP PK MP
------------------------------------------------------------------------------------
A.J. Greer 0 0 0 0 0 0 0 0 0 0 0/0 0:52 0:00 0:52
Alex DeBrincat 0 0 0 -1 0 2 0 1 0 0 0/0 13:01 1:55 0:00
Anthony Angello 0 0 0 0 0 0 0 0 0 1 0/0 2:57 0:00 0:29
Blake Heinrich 0 0 0 -1 2 1 0 3 0 0 0/0 17:55 1:51 2:11
Brendan Leipsic 0 0 0 0 0 0 0 0 0 1 0/0 3:00 0:00 0:32
Brenden Kichton 0 0 0 1 0 0 0 1 0 2 0/0 8:48 0:00 0:00
Calle Jarnkrok 1 0 1 -1 2 5 3 3 0 0 11/22 21:45 2:08 3:13
Cristoval Nieves 0 1 1 1 2 4 1 0 0 0 5/8 11:22 0:00 0:00
David Kampf 0 0 0 0 0 0 0 0 0 0 0/0 0:19 0:00 0:00
Devon Teows 0 0 0 0 0 0 1 2 0 0 0/0 8:07 0:00 0:43
Erik Nystrom 0 0 0 0 0 2 0 0 0 0 0/0 9:24 0:00 0:00
Ivan Provorov 0 0 0 -1 0 3 0 2 1 3 0/0 25:12 2:12 4:18
Jake Dotchin 0 0 0 -1 2 4 2 1 1 0 0/0 23:44 2:12 2:51
JC Lipon 0 0 0 0 0 1 0 0 0 0 0/0 9:24 0:00 0:00
Laurent Dauphin 0 0 0 0 0 0 0 0 0 0 0/1 2:03 0:00 1:58
Lucas Wallmarkk 0 0 0 0 0 1 0 0 1 0 3/4 9:24 0:00 0:00
Mark Alt 0 0 0 -1 0 1 0 1 1 0 0/0 18:37 1:51 2:57
Michael Bournival 0 0 0 -1 2 1 1 0 2 0 3/8 20:47 2:08 4:19
Mikko Lehtonen 0 0 0 0 0 0 0 0 0 0 0/0 7:23 0:00 0:00
Morgan Klimchuk 1 0 1 1 0 4 2 0 1 0 1/1 11:23 0:00 0:00
Nick Shore 0 0 0 -1 0 3 0 0 0 0 6/12 13:01 1:55 0:00
Nick Sorensen 0 0 0 1 0 0 0 0 1 0 0/0 11:23 0:00 0:00
Rinat Valiev 0 0 0 1 0 1 0 0 0 2 0/0 10:18 0:00 1:30
Sven Andrighetto 0 1 1 -1 0 1 1 0 1 0 0/0 14:45 1:55 1:44
Travis Konecny 0 1 1 -1 2 4 1 0 1 0 1/2 17:45 2:08 1:23
3 Stars
1 - Pavel Francouz (BRI)
2 - Frederik Gauthier (BRI)
3 - James Sheppard (BRI)
Power Play
Sound Tigers - 2 on 6 Attempt(s) - 33.33%
Phantoms - 1 on 3 Attempt(s) - 33.33%
Penalty Kill
Sound Tigers - 2 on 3 Attempt(s) - 66.67%
- Score 0 goal in Penalty Kill
Phantoms - 4 on 6 Attempt(s) - 66.67%
- Score 0 goal in Penalty Kill
Team Stat
Sound Tigers - Hits : 14 - Faceoff Wins : 28 - Blocked Shots : 10 - Penalty Minutes : 6
Phantoms - Hits : 12 - Faceoff Wins : 30 - Blocked Shots : 14 - Penalty Minutes : 12
Official
Referees : Graham Skilliter and Brandon Blandina
Linesman : Mark Shewchyk and Shandor Alphonso
Game Notes
9:09 of 1st period - Sound Tigers goal is going for a video replay. After video review, Goal.
Finance
Level 1 -- Attendance: 2000 (100.00%) -- Ticket Income $70,000
Level 2 -- Attendance: 645 (64.50%) -- Ticket Income $12,900
Total Attendance: 2645 (88.17%)
Total Ticket Income: $82,900
Other Income: $4,145
Total Income: $87,045
Sound Tigers
5 vs 5 Forward
Center Left Wing Right Wing Time % Phy DF OF
1 Frederik Gauthier Alex Tuch Borna Rendulic 40 1 2 2
2 Joe Labate James Sheppard Scott Glennie 30 1 2 2
3 Ryan Bourque Garret Ross Josh Archibald 20 1 2 2
4 Pavel Kraskovsky Ben Thomson Rhett Gardner 10 1 2 2
5 vs 5 Defense
Defense Defense Time % Phy DF OF
1 Connor Murphy Dylan McIlrath 40 1 2 2
2 Julian Melchiori Slater Koekkoek 30 1 2 2
3 Gabriel Carlsson Alexander Yelesin 20 1 2 2
4 Connor Murphy Dylan McIlrath 10 1 2 2
PowerPlay Forward
Center Left Wing Right Wing Time % Phy DF OF
1 Frederik Gauthier Alex Tuch Borna Rendulic 60 1 2 2
2 Joe Labate James Sheppard Scott Glennie 40 1 2 2
PowerPlay Defense
Defense Defense Time % Phy DF OF
1 Connor Murphy Dylan McIlrath 60 1 2 2
2 Julian Melchiori Slater Koekkoek 40 1 2 2
Penalty Kill 4 Players Forward
Center Wing Time % Phy DF OF
1 Frederik Gauthier Alex Tuch 60 1 2 2
2 James Sheppard Garret Ross 40 1 2 2
Penalty Kill 4 Players Defense
Defense Defense Time % Phy DF OF
1 Connor Murphy Dylan McIlrath 60 1 2 2
2 Julian Melchiori Slater Koekkoek 40 1 2 2
Penalty Kill - 3 Players Forward
Forward Time % Phy DF OF
1 Frederik Gauthier 60 1 2 2
2 Alex Tuch 40 1 2 2
Penalty Kill - 3 Players Defense
Defense Defense Time % Phy DF OF
1 Connor Murphy Dylan McIlrath 60 1 2 2
2 Julian Melchiori Slater Koekkoek 40 1 2 2
4 vs 4 Forward
Center Wing Time % Phy DF OF
1 Frederik Gauthier Alex Tuch 60 1 2 2
2 James Sheppard Garret Ross 40 1 2 2
4 vs 4 Defense
Defense Defense Time % Phy DF OF
1 Connor Murphy Dylan McIlrath 60 1 2 2
2 Julian Melchiori Slater Koekkoek 40 1 2 2
Last Minutes Offensive
Center Left Wing Right Wing Defense Defense
Frederik Gauthier Alex Tuch Borna Rendulic Connor Murphy Dylan McIlrath
Last Minutes Defensive
Center Left Wing Right Wing Defense Defense
Frederik Gauthier Alex Tuch Borna Rendulic Connor Murphy Dylan McIlrath
Goaltenders
Starting : Pavel Francouz
Backup : Sean Maguire
Extra Forwards
Normal : Rhett Gardner, Ben Thomson, Ryan Bourque - PP : Rhett Gardner, Ben Thomson - PK : Ryan Bourque
Extra Defensemen
Normal : Gabriel Carlsson, Alexander Yelesin, Julian Melchiori - PP : Gabriel Carlsson - PK : Alexander Yelesin, Julian Melchiori
Penalty Shots
Frederik Gauthier, Alex Tuch, James Sheppard, Garret Ross, Borna Rendulic
Scratches
Ben Johnson (Healthy), Blake Speers (Healthy), Brad Ross (Healthy), David Broll (Healthy), James Livingstone (Left Forearm Injury)
Tyrell Goulbourne (Healthy), Garret Pilon (Healthy), Brandon Gignac (Healthy), Casey Staum (Healthy), Chris Driedger (Healthy)
Phantoms
5 vs 5 Forward
Center Left Wing Right Wing Time % Phy DF OF
1 Calle Jarnkrok Michael Bournival Travis Konecny 40 1 2 2
2 Nick Shore Alex DeBrincat Sven Andrighetto 30 1 2 2
3 Cristoval Nieves Morgan Klimchuk Nick Sorensen 20 1 2 2
4 Lucas Wallmarkk Erik Nystrom JC Lipon 10 1 2 2
5 vs 5 Defense
Defense Defense Time % Phy DF OF
1 Jake Dotchin Ivan Provorov 40 1 2 2
2 Mark Alt Blake Heinrich 30 1 2 2
3 Brenden Kichton Rinat Valiev 20 1 2 2
4 Devon Teows Mikko Lehtonen 10 1 2 2
PowerPlay Forward
Center Left Wing Right Wing Time % Phy DF OF
1 Calle Jarnkrok Michael Bournival Travis Konecny 60 1 2 2
2 Nick Shore Alex DeBrincat Sven Andrighetto 40 1 2 2
PowerPlay Defense
Defense Defense Time % Phy DF OF
1 Jake Dotchin Ivan Provorov 60 1 2 2
2 Mark Alt Blake Heinrich 40 1 2 2
Penalty Kill 4 Players Forward
Center Wing Time % Phy DF OF
1 Michael Bournival Calle Jarnkrok 60 1 2 2
2 Travis Konecny Sven Andrighetto 40 1 2 2
Penalty Kill 4 Players Defense
Defense Defense Time % Phy DF OF
1 Jake Dotchin Ivan Provorov 60 1 2 2
2 Mark Alt Blake Heinrich 40 1 2 2
Penalty Kill - 3 Players Forward
Forward Time % Phy DF OF
1 Michael Bournival 60 1 2 2
2 Calle Jarnkrok 40 1 2 2
Penalty Kill - 3 Players Defense
Defense Defense Time % Phy DF OF
1 Jake Dotchin Ivan Provorov 60 1 2 2
2 Mark Alt Blake Heinrich 40 1 2 2
4 vs 4 Forward
Center Wing Time % Phy DF OF
1 Michael Bournival Calle Jarnkrok 60 1 2 2
2 Travis Konecny Sven Andrighetto 40 1 2 2
4 vs 4 Defense
Defense Defense Time % Phy DF OF
1 Jake Dotchin Ivan Provorov 60 1 2 2
2 Mark Alt Blake Heinrich 40 1 2 2
Last Minutes Offensive
Center Left Wing Right Wing Defense Defense
Calle Jarnkrok Michael Bournival Travis Konecny Jake Dotchin Ivan Provorov
Last Minutes Defensive
Center Left Wing Right Wing Defense Defense
Calle Jarnkrok Michael Bournival Travis Konecny Jake Dotchin Ivan Provorov
Goaltenders
Starting : Anton Forsberg
Backup : Jason Kasdorf
Extra Forwards
Normal : David Kampf, Brendan Leipsic, Laurent Dauphin - PP : David Kampf, Brendan Leipsic - PK : Laurent Dauphin
Extra Defensemen
Normal : Brenden Kichton, Rinat Valiev, Devon Teows - PP : Brenden Kichton - PK : Rinat Valiev, Devon Teows
Penalty Shots
Michael Bournival, Calle Jarnkrok, Travis Konecny, Sven Andrighetto, Alex DeBrincat
Scratches
Cooper Marody (Healthy), Reid McNeill (Healthy), Brett Murray (Healthy), Matt Kiersted (Healthy), Riley Stillman (Healthy)
Zachary Fucale (Healthy)
% Time on Ice - Sound Tigers
Lines # - Real PCT - Wanted PCT - Time Play
Normal Forward
1 - 31% - 40% - 15:11
2 - 26% - 30% - 12:44
3 - 26% - 20% - 12:43
4 - 17% - 10% - 8:04
Normal Defense
1 - 39% - 40% - 18:57
2 - 34% - 30% - 16:33
3 - 24% - 20% - 11:49
4 - 3% - 10% - 1:23
PP Forward
1 - 59% - 60% - 4:17
2 - 41% - 40% - 2:58
PP Defense
1 - 67% - 60% - 4:53
2 - 33% - 40% - 2:22
PK Forward
1 - 72% - 60% - 2:54
2 - 28% - 40% - 1:09
PK Defense
1 - 77% - 60% - 3:06
2 - 23% - 40% - 0:57
PK3 Forward
1 - 0% - 60%
2 - 0% - 40%
PK3 Defense
1 - 0% - 60%
2 - 0% - 40%
44 Forward
1 - 0% - 60%
2 - 0% - 40%
44 Defense
1 - 0% - 60%
2 - 0% - 40%
Last Minute Offensive - 0:00
Last Minute Defensive - 0:00
Total
Forward - 60:00
Defense - 60:00
|
% Time on Ice - Phantoms
Lines # - Real PCT - Wanted PCT - Time Play
Normal Forward
1 - 35% - 40% - 16:49
2 - 23% - 30% - 11:06
3 - 23% - 20% - 11:23
4 - 19% - 10% - 9:24
Normal Defense
1 - 38% - 40% - 18:42
2 - 28% - 30% - 13:49
3 - 18% - 20% - 8:48
4 - 15% - 10% - 7:23
PP Forward
1 - 53% - 60% - 2:08
2 - 47% - 40% - 1:55
PP Defense
1 - 54% - 60% - 2:12
2 - 46% - 40% - 1:51
PK Forward
1 - 76% - 60% - 5:31
2 - 24% - 40% - 1:44
PK Defense
1 - 59% - 60% - 4:18
2 - 41% - 40% - 2:57
PK3 Forward
1 - 0% - 60%
2 - 0% - 40%
PK3 Defense
1 - 0% - 60%
2 - 0% - 40%
44 Forward
1 - 0% - 60%
2 - 0% - 40%
44 Defense
1 - 0% - 60%
2 - 0% - 40%
Last Minute Offensive - 0:00
Last Minute Defensive - 0:00
Total
Forward - 60:00
Defense - 60:00
|
Play-by-Play
1st period
0:01 of 1st period - Frederik Gauthier wins face-off versus Michael Bournival in neutral zone.
1:30 of 1st period - Snap shot by Michael Bournival.
1:30 of 1st period - Shot Misses the Net.
1:32 of 1st period - Snap shot by Calle Jarnkrok.
1:32 of 1st period - Stopped by Pavel Francouz with a rebound.
1:34 of 1st period - Snap shot by Michael Bournival.
1:34 of 1st period - Stopped by Pavel Francouz without a rebound.
1:35 of 1st period - Nick Shore wins face-off versus Frederik Gauthier in Sound Tigers zone.
1:40 of 1st period - Wrist shot by Alex DeBrincat.
1:40 of 1st period - Stopped by Pavel Francouz with a rebound.
1:42 of 1st period - Backhand shot by Alex DeBrincat.
1:42 of 1st period - Stopped by Pavel Francouz with a rebound.
1:48 of 1st period - Frederik Gauthier is hit by Devon Teows and loses puck.
3:58 of 1st period - Snap shot by Joe Labate.
3:58 of 1st period - Stopped by Anton Forsberg with a rebound.
4:00 of 1st period - Slapshot by Scott Glennie.
4:00 of 1st period - Shot Misses the Net.
4:18 of 1st period - Slapshot by Erik Nystrom.
4:18 of 1st period - Stopped by Pavel Francouz without a rebound.
4:19 of 1st period - Frederik Gauthier wins face-off versus Calle Jarnkrok in Sound Tigers zone.
4:49 of 1st period - Snap shot by Joe Labate.
4:49 of 1st period - Deflect By Blake Heinrich.
4:49 of 1st period - Shot Misses the Net.
4:49 of 1st period - Puck is out of play.
4:50 of 1st period - Joe Labate wins face-off versus Nick Shore in Phantoms zone.
5:08 of 1st period - Minor Penalty to Jake Dotchin for Hooking.
5:09 of 1st period - Michael Bournival wins face-off versus Frederik Gauthier in Phantoms zone.
5:18 of 1st period - Snap shot by Borna Rendulic.
5:18 of 1st period - Shot Misses the Net.
5:20 of 1st period - Snap shot by Frederik Gauthier.
5:20 of 1st period - Stopped by Anton Forsberg without a rebound.
5:21 of 1st period - Frederik Gauthier wins face-off versus Michael Bournival in Phantoms zone.
5:32 of 1st period - Wrist shot by Borna Rendulic.
5:32 of 1st period - Shot Misses the Net.
5:55 of 1st period - Slapshot by Sven Andrighetto.
5:55 of 1st period - Shot Misses the Net.
7:08 of 1st period - Penalty to Jake Dotchin is over, Jake Dotchin is back on ice.
7:23 of 1st period - Snap shot by Lucas Wallmarkk.
7:23 of 1st period - Shot Misses the Net.
7:29 of 1st period - Blake Heinrich is hit by Garret Ross and loses puck.
7:42 of 1st period - Ben Thomson is hit by Cristoval Nieves and loses puck.
8:03 of 1st period - Slapshot by Sven Andrighetto.
8:03 of 1st period - Stopped by Pavel Francouz with a rebound.
9:00 of 1st period - Minor Penalty to Cristoval Nieves for Hooking.
9:01 of 1st period - Frederik Gauthier wins face-off versus Calle Jarnkrok in Phantoms zone.
9:07 of 1st period - Wrist shot by Frederik Gauthier.
9:07 of 1st period - Stopped by Anton Forsberg with a rebound.
9:09 of 1st period - Wrist shot by Frederik Gauthier.
9:09 of 1st period - Sound Tigers goal is going for a video replay.
9:09 of 1st period - The goal is good.
9:09 of 1st period - Goal by Frederik Gauthier - Sound Tigers : 1 - Phantoms : 0.
9:10 of 1st period - Calle Jarnkrok wins face-off versus Frederik Gauthier in neutral zone.
9:15 of 1st period - Dylan McIlrath is hit by Jake Dotchin and loses puck.
9:20 of 1st period - Slapshot by Travis Konecny.
9:20 of 1st period - Shot Blocked by Frederik Gauthier.
9:42 of 1st period - Blake Heinrich is hit by James Sheppard and loses puck.
9:47 of 1st period - Snap shot by James Sheppard.
9:47 of 1st period - Shot Misses the Net.
9:59 of 1st period - Pavel Kraskovsky is hit by Morgan Klimchuk and loses puck.
10:08 of 1st period - Wrist shot by Morgan Klimchuk.
10:08 of 1st period - Shot Misses the Net.
11:15 of 1st period - Snap shot by Pavel Kraskovsky.
11:15 of 1st period - Shot Misses the Net.
11:43 of 1st period - Minor Penalty to Connor Murphy for Hooking.
11:44 of 1st period - Calle Jarnkrok wins face-off versus Frederik Gauthier in Sound Tigers zone.
12:36 of 1st period - Julian Melchiori is hit by Calle Jarnkrok.
13:43 of 1st period - Penalty to Connor Murphy is over, Connor Murphy is back on ice.
13:51 of 1st period - Snap shot by Morgan Klimchuk.
13:51 of 1st period - Stopped by Pavel Francouz without a rebound.
13:52 of 1st period - Cristoval Nieves wins face-off versus Joe Labate in Sound Tigers zone.
14:04 of 1st period - Wrist shot by Morgan Klimchuk.
14:04 of 1st period - Stopped by Pavel Francouz with a rebound.
14:06 of 1st period - Slapshot by Nick Sorensen.
14:06 of 1st period - Shot Misses the Net.
14:08 of 1st period - Snap shot by Rinat Valiev.
14:08 of 1st period - Stopped by Pavel Francouz with a rebound.
14:10 of 1st period - Snap shot by Morgan Klimchuk.
14:10 of 1st period - Stopped by Pavel Francouz with a rebound.
14:12 of 1st period - Slapshot by Morgan Klimchuk.
14:12 of 1st period - Shot Blocked by Connor Murphy.
14:24 of 1st period - Wrist shot by Cristoval Nieves.
14:24 of 1st period - Stopped by Pavel Francouz without a rebound.
14:25 of 1st period - Ryan Bourque wins face-off versus Calle Jarnkrok in Sound Tigers zone.
14:38 of 1st period - Snap shot by Ryan Bourque.
14:38 of 1st period - Stopped by Anton Forsberg with a rebound.
14:40 of 1st period - Slapshot by Slater Koekkoek.
14:40 of 1st period - Stopped by Anton Forsberg without a rebound.
14:41 of 1st period - Nick Shore wins face-off versus Frederik Gauthier in Phantoms zone.
15:06 of 1st period - Jake Dotchin is hit by Joe Labate and loses puck.
15:27 of 1st period - Mark Alt is hit by Julian Melchiori and loses puck.
15:46 of 1st period - Snap shot by Ben Thomson.
15:46 of 1st period - Shot Misses the Net.
15:48 of 1st period - Slapshot by Slater Koekkoek.
15:48 of 1st period - Shot Misses the Net.
15:50 of 1st period - Slapshot by Julian Melchiori.
15:50 of 1st period - Deflect By Erik Nystrom.
15:50 of 1st period - Stopped by Anton Forsberg without a rebound.
15:51 of 1st period - Pavel Kraskovsky wins face-off versus Calle Jarnkrok in Phantoms zone.
16:04 of 1st period - Wrist shot by Travis Konecny.
16:04 of 1st period - Deflect By Michael Bournival.
16:04 of 1st period - Shot Misses the Net.
16:04 of 1st period - Puck is out of play.
16:05 of 1st period - Alex Tuch wins face-off versus Calle Jarnkrok in Sound Tigers zone.
16:05 of 1st period - Alex Tuch is hit by Travis Konecny.
16:31 of 1st period - Nick Shore is hit by Dylan McIlrath and loses puck.
16:38 of 1st period - Snap shot by James Sheppard.
16:38 of 1st period - Stopped by Anton Forsberg with a rebound.
16:53 of 1st period - Icing by Gabriel Carlsson.
16:54 of 1st period - Ryan Bourque wins face-off versus Lucas Wallmarkk in Sound Tigers zone.
17:21 of 1st period - Snap shot by Ryan Bourque.
17:21 of 1st period - Stopped by Anton Forsberg with a rebound.
17:23 of 1st period - Snap shot by Garret Ross.
17:23 of 1st period - Shot Misses the Net.
17:25 of 1st period - Wrist shot by Garret Ross.
17:25 of 1st period - Stopped by Anton Forsberg with a rebound.
17:27 of 1st period - Wrist shot by Garret Ross.
17:27 of 1st period - Shot Misses the Net.
17:29 of 1st period - Wrist shot by Josh Archibald.
17:29 of 1st period - Stopped by Anton Forsberg with a rebound.
17:31 of 1st period - Slapshot by Gabriel Carlsson.
17:31 of 1st period - Stopped by Anton Forsberg with a rebound.
17:33 of 1st period - Slapshot by Gabriel Carlsson.
17:33 of 1st period - Shot Blocked by Jake Dotchin.
17:55 of 1st period - Slapshot by Garret Ross.
17:55 of 1st period - Stopped by Anton Forsberg with a rebound.
19:05 of 1st period - Icing by Lucas Wallmarkk.
19:06 of 1st period - Lucas Wallmarkk wins face-off versus Borna Rendulic in Phantoms zone.
19:13 of 1st period - Slapshot by Frederik Gauthier.
19:13 of 1st period - Deflect By Alex Tuch.
19:13 of 1st period - Shot Blocked by Ivan Provorov.
19:13 of 1st period - Puck is out of play.
19:14 of 1st period - Frederik Gauthier wins face-off versus Calle Jarnkrok in Phantoms zone.
19:25 of 1st period - Slapshot by Connor Murphy.
19:25 of 1st period - Stopped by Anton Forsberg with a rebound.
19:39 of 1st period - Slapshot by Borna Rendulic.
19:39 of 1st period - Shot Blocked by Mark Alt.
19:41 of 1st period - Slapshot by Dylan McIlrath.
19:41 of 1st period - Shot Blocked by Blake Heinrich.
19:47 of 1st period - Slapshot by Connor Murphy.
19:47 of 1st period - Stopped by Anton Forsberg with a rebound.
19:49 of 1st period - Snap shot by Frederik Gauthier.
19:49 of 1st period - Shot Blocked by Alex DeBrincat.
19:51 of 1st period - Slapshot by Connor Murphy.
19:51 of 1st period - Deflect By Frederik Gauthier.
19:51 of 1st period - Shot Misses the Net.
19:51 of 1st period - Puck is out of play.
19:52 of 1st period - Travis Konecny wins face-off versus Joe Labate in Phantoms zone.
Goals for this period are 1 for Sound Tigers vs 0 for Phantoms.
Shots for this period are 15 for Sound Tigers vs 11 for Phantoms.
2nd period
0:01 of 2nd period - Calle Jarnkrok wins face-off versus Frederik Gauthier in neutral zone.
0:01 of 2nd period - Michael Bournival is hit by Alex Tuch and loses puck.
0:10 of 2nd period - Slapshot by Travis Konecny.
0:10 of 2nd period - Stopped by Pavel Francouz without a rebound.
0:11 of 2nd period - Frederik Gauthier wins face-off versus Calle Jarnkrok in Sound Tigers zone.
0:19 of 2nd period - Slapshot by Connor Murphy.
0:19 of 2nd period - Shot Blocked by Calle Jarnkrok.
0:21 of 2nd period - Slapshot by Alex Tuch.
0:21 of 2nd period - Shot Misses the Net.
0:23 of 2nd period - Wrist shot by Borna Rendulic.
0:23 of 2nd period - Deflect By Travis Konecny.
0:23 of 2nd period - Shot Misses the Net.
0:23 of 2nd period - Puck is out of play.
0:24 of 2nd period - Calle Jarnkrok wins face-off versus Frederik Gauthier in Phantoms zone.
1:20 of 2nd period - Slapshot by James Sheppard.
1:20 of 2nd period - Shot Blocked by Blake Heinrich.
1:36 of 2nd period - Backhand shot by Borna Rendulic.
1:36 of 2nd period - Stopped by Anton Forsberg without a rebound.
1:37 of 2nd period - Frederik Gauthier wins face-off versus Nick Shore in Phantoms zone.
1:42 of 2nd period - Wrist shot by Frederik Gauthier.
1:42 of 2nd period - Deflect By Alex Tuch.
1:42 of 2nd period - Shot Misses the Net.
1:42 of 2nd period - Puck is out of play.
1:43 of 2nd period - Nick Shore wins face-off versus Frederik Gauthier in Phantoms zone.
2:33 of 2nd period - Jake Dotchin is hit by Connor Murphy and loses puck.
3:03 of 2nd period - Slapshot by Travis Konecny.
3:03 of 2nd period - Shot Misses the Net.
3:05 of 2nd period - Wrist shot by Calle Jarnkrok.
3:05 of 2nd period - Stopped by Pavel Francouz with a rebound.
3:07 of 2nd period - Snap shot by Blake Heinrich.
3:07 of 2nd period - Stopped by Pavel Francouz with a rebound.
3:09 of 2nd period - Slapshot by Blake Heinrich.
3:09 of 2nd period - Shot Blocked by Alex Tuch.
3:28 of 2nd period - Snap shot by Ryan Bourque.
3:28 of 2nd period - Shot Misses the Net.
4:41 of 2nd period - Icing by Erik Nystrom.
4:42 of 2nd period - Lucas Wallmarkk wins face-off versus Frederik Gauthier in Phantoms zone.
6:23 of 2nd period - Snap shot by Connor Murphy.
6:23 of 2nd period - Shot Blocked by Brenden Kichton.
6:29 of 2nd period - Snap shot by Lucas Wallmarkk.
6:29 of 2nd period - Stopped by Pavel Francouz without a rebound.
6:30 of 2nd period - Joe Labate wins face-off versus Calle Jarnkrok in Sound Tigers zone.
6:57 of 2nd period - Sven Andrighetto is hit by Julian Melchiori and loses puck.
7:24 of 2nd period - Mark Alt is hit by Garret Ross.
7:30 of 2nd period - Snap shot by Morgan Klimchuk.
7:30 of 2nd period - Shot Misses the Net.
7:50 of 2nd period - Wrist shot by Travis Konecny.
7:50 of 2nd period - Deflect By Michael Bournival.
7:50 of 2nd period - Shot Blocked by Julian Melchiori.
7:50 of 2nd period - Puck is out of play.
7:51 of 2nd period - Joe Labate wins face-off versus Calle Jarnkrok in Sound Tigers zone.
7:57 of 2nd period - Off-side.
7:58 of 2nd period - Joe Labate wins face-off versus Calle Jarnkrok in neutral zone.
8:01 of 2nd period - Wrist shot by James Sheppard.
8:01 of 2nd period - Stopped by Anton Forsberg without a rebound.
8:02 of 2nd period - Calle Jarnkrok wins face-off versus Joe Labate in Phantoms zone.
8:08 of 2nd period - Icing by Travis Konecny.
8:09 of 2nd period - Joe Labate wins face-off versus Calle Jarnkrok in Phantoms zone.
8:40 of 2nd period - Snap shot by Joe Labate.
8:40 of 2nd period - Shot Misses the Net.
8:42 of 2nd period - Snap shot by James Sheppard.
8:42 of 2nd period - Goal by James Sheppard - Sound Tigers : 2 - Phantoms : 0.
8:43 of 2nd period - Frederik Gauthier wins face-off versus Nick Shore in neutral zone.
9:39 of 2nd period - Slapshot by Slater Koekkoek.
9:39 of 2nd period - Shot Misses the Net.
9:41 of 2nd period - Snap shot by Rhett Gardner.
9:41 of 2nd period - Stopped by Anton Forsberg with a rebound.
9:43 of 2nd period - Slapshot by Julian Melchiori.
9:43 of 2nd period - Deflect By Ben Thomson.
9:43 of 2nd period - Stopped by Anton Forsberg with a rebound.
9:52 of 2nd period - Icing by Nick Shore.
9:53 of 2nd period - Ryan Bourque wins face-off versus Nick Shore in Phantoms zone.
10:04 of 2nd period - Backhand shot by Ivan Provorov.
10:04 of 2nd period - Stopped by Pavel Francouz with a rebound.
10:06 of 2nd period - Snap shot by Sven Andrighetto.
10:06 of 2nd period - Shot Misses the Net.
10:08 of 2nd period - Snap shot by Nick Shore.
10:08 of 2nd period - Shot Blocked by Alexander Yelesin.
10:21 of 2nd period - Minor Penalty to Michael Bournival for Slashing.
10:22 of 2nd period - Frederik Gauthier wins face-off versus Laurent Dauphin in Phantoms zone.
10:27 of 2nd period - Snap shot by Frederik Gauthier.
10:27 of 2nd period - Shot Misses the Net.
10:29 of 2nd period - Slapshot by Alex Tuch.
10:29 of 2nd period - Goal by Alex Tuch - Sound Tigers : 3 - Phantoms : 0.
10:30 of 2nd period - Calle Jarnkrok wins face-off versus Frederik Gauthier in neutral zone.
10:51 of 2nd period - Minor Penalty to Blake Heinrich for High sticking.
10:52 of 2nd period - Michael Bournival wins face-off versus Frederik Gauthier in Phantoms zone.
10:52 of 2nd period - Michael Bournival is hit by Alex Tuch.
11:08 of 2nd period - Wrist shot by Borna Rendulic.
11:08 of 2nd period - Shot Misses the Net.
12:15 of 2nd period - Icing by Joe Labate.
12:16 of 2nd period - Frederik Gauthier wins face-off versus Michael Bournival in Sound Tigers zone.
12:51 of 2nd period - Penalty to Blake Heinrich is over, Blake Heinrich is back on ice.
13:03 of 2nd period - Wrist shot by Cristoval Nieves.
13:03 of 2nd period - Stopped by Pavel Francouz with a rebound.
13:09 of 2nd period - Slapshot by Morgan Klimchuk.
13:09 of 2nd period - Shot Misses the Net.
13:11 of 2nd period - Slapshot by Ivan Provorov.
13:11 of 2nd period - Shot Blocked by Julian Melchiori.
13:33 of 2nd period - Snap shot by Garret Ross.
13:33 of 2nd period - Stopped by Anton Forsberg without a rebound.
13:34 of 2nd period - Cristoval Nieves wins face-off versus Joe Labate in Phantoms zone.
14:22 of 2nd period - Gabriel Carlsson is hit by Michael Bournival and loses puck.
14:31 of 2nd period - Wrist shot by Travis Konecny.
14:31 of 2nd period - Stopped by Pavel Francouz with a rebound.
14:43 of 2nd period - Sven Andrighetto is hit by Joe Labate and loses puck.
15:46 of 2nd period - Snap shot by Nick Shore.
15:46 of 2nd period - Stopped by Pavel Francouz with a rebound.
15:54 of 2nd period - Connor Murphy is hit by Morgan Klimchuk.
15:58 of 2nd period - Morgan Klimchuk is hit by Borna Rendulic and loses puck.
16:17 of 2nd period - Slapshot by Lucas Wallmarkk.
16:17 of 2nd period - Deflect By Erik Nystrom.
16:17 of 2nd period - Stopped by Pavel Francouz with a rebound.
16:37 of 2nd period - Wrist shot by Joe Labate.
16:37 of 2nd period - Stopped by Anton Forsberg with a rebound.
17:33 of 2nd period - Snap shot by Lucas Wallmarkk.
17:33 of 2nd period - Shot Misses the Net.
17:35 of 2nd period - Wrist shot by JC Lipon.
17:35 of 2nd period - Shot Blocked by Scott Glennie.
17:37 of 2nd period - Snap shot by JC Lipon.
17:37 of 2nd period - Stopped by Pavel Francouz without a rebound.
17:38 of 2nd period - Calle Jarnkrok wins face-off versus Joe Labate in Sound Tigers zone.
17:43 of 2nd period - Wrist shot by Travis Konecny.
17:43 of 2nd period - Stopped by Pavel Francouz without a rebound.
17:44 of 2nd period - Joe Labate wins face-off versus Travis Konecny in Sound Tigers zone.
18:18 of 2nd period - Snap shot by Alex Tuch.
18:18 of 2nd period - Stopped by Anton Forsberg with a rebound.
18:20 of 2nd period - Slapshot by Julian Melchiori.
18:20 of 2nd period - Deflect By Blake Heinrich.
18:20 of 2nd period - Stopped by Anton Forsberg with a rebound.
18:34 of 2nd period - Wrist shot by Garret Ross.
18:34 of 2nd period - Shot Misses the Net.
18:40 of 2nd period - Snap shot by Garret Ross.
18:40 of 2nd period - Shot Blocked by Blake Heinrich.
18:54 of 2nd period - Slapshot by Pavel Kraskovsky.
18:54 of 2nd period - Stopped by Anton Forsberg without a rebound.
18:55 of 2nd period - Calle Jarnkrok wins face-off versus Pavel Kraskovsky in Phantoms zone.
19:04 of 2nd period - Slapshot by Travis Konecny.
19:04 of 2nd period - Shot Misses the Net.
19:38 of 2nd period - Minor Penalty to Calle Jarnkrok for Holding.
19:39 of 2nd period - Frederik Gauthier wins face-off versus Michael Bournival in Phantoms zone.
Goals for this period are 2 for Sound Tigers vs 0 for Phantoms.
Shots for this period are 11 for Sound Tigers vs 11 for Phantoms.
3rd period
0:01 of 3rd period - Michael Bournival wins face-off versus Frederik Gauthier in neutral zone.
1:38 of 3rd period - Penalty to Calle Jarnkrok is over, Calle Jarnkrok is back on ice.
1:52 of 3rd period - Snap shot by Calle Jarnkrok.
1:52 of 3rd period - Stopped by Pavel Francouz with a rebound.
1:54 of 3rd period - Slapshot by Brenden Kichton.
1:54 of 3rd period - Shot Blocked by Slater Koekkoek.
2:06 of 3rd period - Wrist shot by Calle Jarnkrok.
2:06 of 3rd period - Stopped by Pavel Francouz with a rebound.
2:32 of 3rd period - Ryan Bourque is hit by Calle Jarnkrok and loses puck.
3:02 of 3rd period - Julian Melchiori is hit by Calle Jarnkrok and loses puck.
3:11 of 3rd period - Snap shot by Garret Ross.
3:11 of 3rd period - Shot Misses the Net.
3:13 of 3rd period - Slapshot by Josh Archibald.
3:13 of 3rd period - Shot Blocked by Devon Teows.
3:15 of 3rd period - Slapshot by Julian Melchiori.
3:15 of 3rd period - Shot Misses the Net.
3:17 of 3rd period - Snap shot by Ryan Bourque.
3:17 of 3rd period - Stopped by Anton Forsberg with a rebound.
3:19 of 3rd period - Wrist shot by Slater Koekkoek.
3:19 of 3rd period - Shot Blocked by Calle Jarnkrok.
3:21 of 3rd period - Backhand shot by Slater Koekkoek.
3:21 of 3rd period - Stopped by Anton Forsberg with a rebound.
3:31 of 3rd period - Snap shot by Garret Ross.
3:31 of 3rd period - Stopped by Anton Forsberg with a rebound.
3:33 of 3rd period - Wrist shot by Garret Ross.
3:33 of 3rd period - Shot Blocked by Devon Teows.
3:35 of 3rd period - Slapshot by Slater Koekkoek.
3:35 of 3rd period - Shot Misses the Net.
4:03 of 3rd period - Snap shot by Ryan Bourque.
4:03 of 3rd period - Stopped by Anton Forsberg with a rebound.
4:05 of 3rd period - Slapshot by Slater Koekkoek.
4:05 of 3rd period - Deflect By Garret Ross.
4:05 of 3rd period - Stopped by Anton Forsberg without a rebound.
4:06 of 3rd period - Frederik Gauthier wins face-off versus Nick Shore in Phantoms zone.
4:20 of 3rd period - Icing by Jake Dotchin.
4:21 of 3rd period - Nick Shore wins face-off versus Joe Labate in Phantoms zone.
4:51 of 3rd period - Wrist shot by Alex DeBrincat.
4:51 of 3rd period - Shot Misses the Net.
4:53 of 3rd period - Wrist shot by Nick Shore.
4:53 of 3rd period - Shot Misses the Net.
4:55 of 3rd period - Slapshot by Jake Dotchin.
4:55 of 3rd period - Shot Misses the Net.
4:57 of 3rd period - Slapshot by Nick Shore.
4:57 of 3rd period - Stopped by Pavel Francouz with a rebound.
4:59 of 3rd period - Snap shot by Nick Shore.
4:59 of 3rd period - Stopped by Pavel Francouz without a rebound.
5:00 of 3rd period - Morgan Klimchuk wins face-off versus Joe Labate in Sound Tigers zone.
5:49 of 3rd period - Frederik Gauthier is hit by Sven Andrighetto and loses puck.
6:06 of 3rd period - Rhett Gardner is hit by Jake Dotchin and loses puck.
7:25 of 3rd period - Slapshot by Lucas Wallmarkk.
7:25 of 3rd period - Shot Misses the Net.
7:56 of 3rd period - Wrist shot by Morgan Klimchuk.
7:56 of 3rd period - Deflect By Cristoval Nieves.
7:56 of 3rd period - Stopped by Pavel Francouz without a rebound.
7:57 of 3rd period - Joe Labate wins face-off versus Cristoval Nieves in Sound Tigers zone.
8:07 of 3rd period - Off-side.
8:08 of 3rd period - Ryan Bourque wins face-off versus Nick Shore in neutral zone.
8:13 of 3rd period - Snap shot by Garret Ross.
8:13 of 3rd period - Stopped by Anton Forsberg with a rebound.
8:15 of 3rd period - Snap shot by Ryan Bourque.
8:15 of 3rd period - Stopped by Anton Forsberg with a rebound.
8:21 of 3rd period - Wrist shot by Ryan Bourque.
8:21 of 3rd period - Stopped by Anton Forsberg with a rebound.
9:04 of 3rd period - Wrist shot by Pavel Kraskovsky.
9:04 of 3rd period - Shot Blocked by Ivan Provorov.
9:14 of 3rd period - Cristoval Nieves is hit by Slater Koekkoek and loses puck.
9:21 of 3rd period - Mark Alt is hit by Julian Melchiori and loses puck.
10:06 of 3rd period - Wrist shot by Ben Thomson.
10:06 of 3rd period - Shot Misses the Net.
10:41 of 3rd period - Minor Penalty to Alexander Yelesin for Slashing.
10:42 of 3rd period - Calle Jarnkrok wins face-off versus Frederik Gauthier in Sound Tigers zone.
10:49 of 3rd period - Snap shot by Travis Konecny.
10:49 of 3rd period - Stopped by Pavel Francouz with a rebound.
11:11 of 3rd period - Icing by Sven Andrighetto.
11:12 of 3rd period - Nick Shore wins face-off versus Frederik Gauthier in Phantoms zone.
12:41 of 3rd period - Penalty to Alexander Yelesin is over, Alexander Yelesin is back on ice.
13:09 of 3rd period - Icing by Rhett Gardner.
13:10 of 3rd period - Lucas Wallmarkk wins face-off versus Joe Labate in Sound Tigers zone.
14:49 of 3rd period - Slapshot by Mark Alt.
14:49 of 3rd period - Stopped by Pavel Francouz with a rebound.
15:37 of 3rd period - Slapshot by Morgan Klimchuk.
15:37 of 3rd period - Goal by Morgan Klimchuk - Sound Tigers : 3 - Phantoms : 1.
15:38 of 3rd period - Cristoval Nieves wins face-off versus Frederik Gauthier in neutral zone.
15:41 of 3rd period - Slapshot by Jake Dotchin.
15:41 of 3rd period - Deflect By Dylan McIlrath.
15:41 of 3rd period - Stopped by Pavel Francouz with a rebound.
15:43 of 3rd period - Snap shot by Jake Dotchin.
15:43 of 3rd period - Stopped by Pavel Francouz with a rebound.
15:45 of 3rd period - Slapshot by Jake Dotchin.
15:45 of 3rd period - Deflect By Alex Tuch.
15:45 of 3rd period - Stopped by Pavel Francouz without a rebound.
15:46 of 3rd period - Frederik Gauthier wins face-off versus Cristoval Nieves in Sound Tigers zone.
16:02 of 3rd period - Slapshot by Jake Dotchin.
16:02 of 3rd period - Stopped by Pavel Francouz with a rebound.
16:04 of 3rd period - Wrist shot by Cristoval Nieves.
16:04 of 3rd period - Stopped by Pavel Francouz with a rebound.
16:06 of 3rd period - Slapshot by Ivan Provorov.
16:06 of 3rd period - Stopped by Pavel Francouz with a rebound.
16:22 of 3rd period - Slapshot by Morgan Klimchuk.
16:22 of 3rd period - Shot Blocked by Frederik Gauthier.
16:27 of 3rd period - Minor Penalty to Dylan McIlrath for Roughing.
16:28 of 3rd period - Calle Jarnkrok wins face-off versus Alex Tuch in Sound Tigers zone.
16:32 of 3rd period - Snap shot by Calle Jarnkrok.
16:32 of 3rd period - Goal by Calle Jarnkrok - Sound Tigers : 3 - Phantoms : 2.
16:33 of 3rd period - Cristoval Nieves wins face-off versus Frederik Gauthier in neutral zone.
17:07 of 3rd period - Slapshot by Travis Konecny.
17:07 of 3rd period - Shot Blocked by Connor Murphy.
17:18 of 3rd period - Icing by Dylan McIlrath.
17:19 of 3rd period - Nick Shore wins face-off versus Joe Labate in Sound Tigers zone.
17:34 of 3rd period - Snap shot by Morgan Klimchuk.
17:34 of 3rd period - Shot Hit the Post.
17:50 of 3rd period - Snap shot by Frederik Gauthier.
17:50 of 3rd period - Stopped by Anton Forsberg with a rebound.
17:52 of 3rd period - Snap shot by Frederik Gauthier.
17:52 of 3rd period - Stopped by Anton Forsberg with a rebound.
17:54 of 3rd period - Slapshot by Connor Murphy.
17:54 of 3rd period - Shot Blocked by Calle Jarnkrok.
18:13 of 3rd period - Wrist shot by Ben Thomson.
18:13 of 3rd period - Goal by Ben Thomson - Sound Tigers : 4 - Phantoms : 2.
18:14 of 3rd period - Cristoval Nieves wins face-off versus Frederik Gauthier in neutral zone.
18:19 of 3rd period - Slapshot by Ivan Provorov.
18:19 of 3rd period - Stopped by Pavel Francouz without a rebound.
18:20 of 3rd period - Frederik Gauthier wins face-off versus Cristoval Nieves in Sound Tigers zone.
18:45 of 3rd period - Snap shot by James Sheppard.
18:45 of 3rd period - Shot Misses the Net.
18:47 of 3rd period - Snap shot by Joe Labate.
18:47 of 3rd period - Stopped by Anton Forsberg without a rebound.
18:48 of 3rd period - Calle Jarnkrok wins face-off versus Joe Labate in Phantoms zone.
18:58 of 3rd period - Minor Penalty to Travis Konecny for Hooking.
18:59 of 3rd period - Frederik Gauthier wins face-off versus Michael Bournival in Phantoms zone.
Goals for this period are 1 for Sound Tigers vs 2 for Phantoms.
Shots for this period are 12 for Sound Tigers vs 16 for Phantoms.